cohdb
Replays
Latest Replays
All Replays
Popular Replays
Top Player Replays
Match Explorer
How It Works
Community
CoH3 Stats
Reddit
Sign in to upload your games and track your stats! →
Sign in with Steam
Match 42591417
Unlisted
Match 42591417
Overview
Messages
Build Orders
End
Construct Infanterie Kompanie
MG 42 Machine Gun Team
Grenadier Squad
Grenadier Squad
Grenadier Squad
Infanterie Officer Quarters
GrW 34 Mortar Team
Construct Luftwaffe Kompanie
221 Scout Car
Medical Bunker
Support Elements
Marder III M Tank Destroyer
Marder III M Tank Destroyer
Marder III M Tank Destroyer
Pioneer Squad
Wirbelwind Flakpanzer
Selects Terror Battlegroup
Selects Interrogate
Selects Jericho Trumpet
Selects V1 Rocket Strike
V1 Rocket Strike
Wirbelwind Flakpanzer
Wirbelwind Flakpanzer
Jäger Squad
Selects Heavy Gunnery
Selects No Quarter
Selects Heavy Gunnery
Selects Defend the Fatherland
Marder III M Tank Destroyer
V1 Rocket Strike
Katana
유유
L1mbo
-_Alexxitan_-
[82AD] PaulVmax
Sierra39
Computer - Hard
FloppyBob
0
0
Comments
sign in to comment!
No comments posted yet!